 Dungeon Crawl Stone Soup version 0.19.1 (webtiles) character file.

352 grosnain174 the Conjurer (level 6, -3/34 HPs)
             Began as a Deep Elf Conjurer on Nov 27, 2016.
             Slain by TheWoodenMan's ghost (17 damage)
             ... on level 4 of the Dungeon.
             The game lasted 00:12:22 (4649 turns).

grosnain174 the Conjurer (Deep Elf Conjurer)        Turns: 4649, Time: 00:12:25

Health: -3/34      AC:  4    Str:  5    XL:     6   Next: 35%
Magic:  2/16       EV: 14    Int: 22    God:
Gold:   154        SH:  0    Dex: 15    Spells: 3 memorised, 9 levels left

rFire  . . .     SeeInvis .     e - +2 short sword (venom)
rCold  . . .     Gourm    .     a - +0 robe
rNeg   . . .     Faith    +     (no shield)
rPois  .         Spirit   .     (no helmet)
rElec  .         Reflect  .     s - +1 cloak
rCorr  .         Harm     .     (no gloves)
MR     .....                    (no boots)
Stlth  +++.......               o - amulet of faith
                                (no ring)
                                (no ring)

@: no status effects
A: no striking features
a: no special abilities


You were on level 4 of the Dungeon.
You were hungry.

You visited 1 branch of the dungeon, and saw 4 of its levels.

You collected 154 gold pieces.

Inventory:

Hand Weapons
 e - a +2 short sword of venom (weapon)
Armour
 a - a +0 robe (worn)
 s - a +1 cloak (worn)
Jewellery
 o - an amulet of faith (around neck)
Scrolls
 d - a scroll of blinking {unknown}
 g - 2 scrolls of recharging {unknown}
 h - a scroll of noise {unknown}
 i - 3 scrolls of teleportation {unknown}
 m - a scroll of magic mapping {unknown}
 n - 3 scrolls of identify {unknown}
 q - a scroll of fog {unknown}
 r - a scroll of fear {unknown}
Potions
 j - 4 potions of curing {unknown}
 l - a potion of heal wounds {unknown}
Books
 b - a book of Conjurations

   Spells                             Type                      Level
   a - Magic Dart                     Conjuration                  1
   b - Searing Ray                    Conjuration                  2
   c - Dazzling Spray                 Conjuration/Hexes            3
   d - Fulminant Prism                Conjuration/Hexes            4
   e - Iskenderun's Mystic Blast      Conjuration                  4
   f - Iskenderun's Battlesphere      Conjuration/Charms           5
Comestibles
 c - 2 bread rations
 f - 5 meat rations
 k - 3 chunks of flesh
 p - a royal jelly
 t - 4 fruits


   Skills:
 + Level 1.4 Fighting
 + Level 3.6 Dodging
 + Level 3.8 Stealth
 * Level 5.6 Spellcasting
 * Level 5.9 Conjurations


You had 9 spell levels left.
You knew the following spells:

 Your Spells              Type           Power        Failure   Level  Hunger
a - Magic Dart            Conj           ####         1%          1    None
b - Searing Ray           Conj           ####..       1%          2    None
c - Iskenderun's Mystic   Conj           ####....     12%         4    ####...


Dungeon Overview and Level Annotations

Branches:
Dungeon (4/15)
 Temple: D:4-7

Altars:
Qazlal
Sif Muna
Xom

Annotations:
D:4 TheWoodenMan's ghost, novice MiFi


Message History

You don't have enough magic to cast that spell.
Unknown command.
Casting: Iskenderun's Mystic Blast
Confirm with . or Enter, or press ? or * to list all spells.
Aiming: Magic Dart
Press: ? - help, Shift-Dir - straight line, f/p - TheWoodenMan's ghost
Aim: TheWoodenMan's ghost (severely damaged)
The magic dart hits TheWoodenMan's ghost.
TheWoodenMan's ghost is severely damaged.
TheWoodenMan's ghost hits you.
You barely miss TheWoodenMan's ghost.
TheWoodenMan's ghost is severely damaged.
TheWoodenMan's ghost barely misses you.
You hit TheWoodenMan's ghost but do no damage.
TheWoodenMan's ghost is severely damaged.
TheWoodenMan's ghost hits you!!
Ouch! That really hurt!
TheWoodenMan's ghost hits you!
Ouch! That really hurt!
You die...

########.##...)....).
#..###......... ##.##
#......... #..#
####...... ##.##
####... #.## ###.
##.# ## #)## # ##@# #
##W## # ##..##### 8
#........# #.
#......... 8.
.......... #.
...........
....†.......
.............


You could see TheWoodenMan's ghost.

Vanquished Creatures
  An orc wizard (D:3)
  A gnoll shaman (D:4)
  An orc priest (D:3)
  A bullfrog skeleton (D:3)
  An iguana (D:4)
  A hound zombie (D:3)
  7 gnolls
  3 adders
  An ooze (D:1)
  A worm (D:2)
  3 dart slugs
  5 leopard geckos
  7 orcs (D:3)
  3 giant cockroaches
  8 goblins
  7 hobgoblins
  7 jackals
  7 kobolds
  A quokka (D:3)
  3 ball pythons
  6 bats
  2 frilled lizards
  8 rats
85 creatures vanquished.

Notes
Turn   | Place    | Note
-------+----------+-------------------------------------------
     0 | D:1      | grosnain174 the Deep Elf Conjurer began the quest for the Orb.
     0 | D:1      | Reached XP level 1. HP: 10/10 MP: 6/6
   408 | D:1      | Reached XP level 2. HP: 15/15 MP: 5/8
   746 | D:1      | Reached skill level 5 in Conjurations
   982 | D:1      | Noticed a howler monkey
  1016 | D:2      | Reached XP level 3. HP: 19/19 MP: 7/10
  1020 | D:2      | Learned a level 2 spell: Searing Ray
  2108 | D:2      | Reached XP level 4. HP: 17/24 MP: 1/11
  2215 | D:2      | Learned a level 4 spell: Iskenderun's Mystic Blast
  2683 | D:3      | Reached XP level 5. HP: 15/28 MP: 8/13
  2990 | D:3      | Reached skill level 1 in Fighting
  2990 | D:3      | Reached skill level 5 in Spellcasting
  3541 | D:3      | Found a deep blue altar of Sif Muna.
  3583 | D:3      | Found a shimmering altar of Xom.
  3728 | D:4      | Noticed TheWoodenMan's ghost (novice MiFi)
  4247 | D:4      | Found a stormy altar of Qazlal.
  4252 | D:4      | Reached XP level 6. HP: 34/34 MP: 12/15
  4649 | D:4      | Slain by TheWoodenMan's ghost

Skill      XL: |  1  2  3  4  5 |
---------------+----------------+-----
Conjurations   | 5 |  5.9
Dodging        | 3 |  3.6
Stealth        | 3 |  3.8
Spellcasting   | 4 5 |  5.6
Fighting       | 1 |  1.4

Action                   |  1- 3 |  4- 6 || total
-------------------------+-------+-------++-------
Melee: Unarmed           |     6 |       ||     6
       Short sword       |    15 |     7 ||    22
 Cast: Magic Dart        |    81 |    74 ||   155
       Searing Ray       |     3 |    10 ||    13
       Iskenderun's Myst |       |     9 ||     9
  Eat: Chunk             |     4 |     8 ||    12
Armor: Robe              |     7 |     3 ||    10
Dodge: Dodged            |    17 |    17 ||    34
